Map: Proxima Station LE

Players

Has

  • Race: Protoss Protoss
  • Spawn Location: 1:00

SpeCiaL - Winner!

  • Race: Terran Terran
  • Spawn Location: 7:00

Event: WCS Valencia 2017

VOD

Have the link to the VOD?

Description

Time

  • Played on: July 13, 2017, 2:16 p.m.
  • Length: 10:32

All games in this series

Show
View Real Time Build Order
Export as new Build Order

Has Protoss 

Build Orders: Oracle Opening 

Get SALT Encoding   

  12  0:01  Probe (Chrono Boost)  
  13  0:11  Probe (Chrono Boost)  
  14  0:18  Pylon  
  14  0:22  Probe (Chrono Boost)  
  15  0:36  Probe (Chrono Boost)  
  15  0:38  Gateway  
  16  0:47  Probe (Chrono Boost)  
  16  0:48  Assimilator  
  17  0:54  Assimilator  
  17  0:57  Probe (Chrono Boost)  
  18  1:08  Probe (Chrono Boost)  
  19  1:18  Probe (Chrono Boost)  
  19  1:25  Cybernetics Core  
  20  1:29  Probe (Chrono Boost)  
  21  1:37  Pylon  
  22  1:40  Probe (Chrono Boost)  
  22  1:50  Probe (Chrono Boost)  
  23  1:55  Pylon  
  23  2:01  Stargate  
  23  2:02  Stalker (Chrono Boost)  
  25  2:08  Warp Gate  
  25  2:10  Probe  
  26  2:37  Probe  
  27  2:44  Oracle (Chrono Boost)  
  27  2:48  Pylon  
  31  2:56  Nexus  
  30  3:15  Fleet Beacon  
  30  3:18  Probe (Chrono Boost)  
  31  3:30  Probe (Chrono Boost)  
  32  3:40  Probe (Chrono Boost)  
  34  4:00  Tempest (Chrono Boost)  
  39  4:02  Pylon  
  39  4:17  Probe (Chrono Boost)  
  40  4:18  Probe (Chrono Boost)  
  41  4:28  Probe x2  
  43  4:32  Pylon  
  43  4:34  Gateway  
  43  4:35  Gateway  
  43  4:40  Mothership Core  
  45  4:46  Tempest (Chrono Boost)  
  51  4:53  Stalker  
  51  4:59  Probe  
  53  5:00  Pylon  
  53  5:02  Probe  
  55  5:16  Stalker  
  57  5:30  Probe  
  57  5:32  Probe  
  59  5:36  Pylon  
  59  5:37  Assimilator  
  59  5:41  Probe  
  59  5:44  Probe  
  59  5:49  Stalker  
  63  5:52  Probe  
  64  5:57  Probe  
  64  6:01  Robotics Facility  
  64  6:02  Probe  
  64  6:04  Twilight Council  
  66  6:07  Pylon  
  66  6:08  Pylon  
  66  6:09  Probe  
  66  6:10  Stalker x2  
  69  6:12  Stalker  
  69  6:15  Probe, Cybernetics Core  
  72  6:25  Probe x2  
  72  6:36  Probe  
  71  6:45  Probe  
  71  6:46  Probe  
  66  6:51  Stalker  
  66  6:52  Stalker x2  
  73  6:57  Probe x2  
  67  7:02  Assimilator  
  65  7:08  Probe  
  65  7:09  Probe  
  65  7:10  Blink (Chrono Boost)  
  65  7:11  Observer (Chrono Boost)  
  66  7:21  Probe x2  
  68  7:32  Forge  
  68  7:33  Probe x2  
  68  7:35  Pylon  
  70  7:40  Nexus  
  70  7:42  Pylon  
  70  7:43  Pylon  
  67  7:45  Probe x2  
  67  7:46  Stalker x3  
  75  7:54  Warp Prism  
  77  8:00  Gateway  
  77  8:01  Gateway  
  77  8:03  Gateway  
  77  8:06  Protoss Ground Weapons Level 1 (Chrono Boost)  
  77  8:11  Sentry x2  
  81  8:13  Sentry  
  81  8:19  Probe  
  82  8:22  Mothership Core  
  83  8:29  Gateway  
  83  8:31  Gateway  
  83  8:35  Sentry  
  83  8:37  Stalker  
  87  8:43  Stalker  
  89  8:59  Stalker x4  
  97  9:05  Stalker  
  97  9:06  Stalker  
  99  9:22  Stalker x3  
  105  9:24  Stalker  
  95  9:35  Stalker x2  
  77  9:45  Stalker x2  
  77  9:46  Probe x2  
  77  9:49  Pylon  
  77  9:50  Probe  
  80  9:53  Assimilator  
  80  9:54  Stalker x2, Assimilator  
  84  10:16  Zealot x3  
  84  10:20  Stalker x2  
  95  10:21  Zealot x2  
Show
View Real Time Build Order
Export as new Build Order

SpeCiaL Terran - Winner!

Build Orders: Cyclone Opening, Reaper Expand 

Get SALT Encoding   

  12  0:00  SCV  
  13  0:12  SCV  
  14  0:18  Supply Depot  
  14  0:24  SCV  
  15  0:29  Refinery  
  15  0:39  SCV  
  16  0:44  Barracks  
  16  0:51  SCV  
  17  1:03  SCV  
  18  1:16  SCV  
  19  1:32  Orbital Command  
  19  1:33  Reaper  
  20  1:43  Command Center  
  20  1:55  Factory  
  20  1:58  SCV  
  21  2:07  Barracks Reactor  
  21  2:10  SCV  
  22  2:19  Supply Depot  
  22  2:22  Refinery  
  22  2:23  SCV  
  22  2:27  Engineering Bay  
  23  2:41  SCV  
  23  2:43  Cyclone  
  23  2:44  Marine x2  
  29  2:53  SCV  
  29  2:56  Missile Turret  
  30  3:00  Orbital Command  
  30  3:02  Marine  
  31  3:06  Marine  
  31  3:09  SCV  
  33  3:14  Refinery  
  33  3:18  Widow Mine  
  35  3:21  Marine  
  35  3:24  Marine  
  37  3:28  SCV  
  37  3:31  SCV  
  39  3:39  Marine  
  39  3:41  Marine  
  39  3:45  SCV, Starport  
  39  3:46  SCV  
  42  3:52  Missile Turret  
  42  3:57  SCV  
  42  3:59  Cyclone  
  46  4:07  Marine x2, Supply Depot  
  46  4:10  SCV  
  44  4:19  SCV  
  44  4:22  SCV  
  46  4:30  Supply Depot  
  46  4:34  Marine x2, Medivac  
  46  4:35  SCV x2  
  52  4:40  Supply Depot  
  52  4:47  SCV x2  
  52  4:52  Marine x2  
  56  4:53  Widow Mine  
  56  4:59  SCV x2  
  60  5:03  Supply Depot  
  60  5:11  SCV x2  
  61  5:20  Marine  
  61  5:23  SCV x2  
  61  5:25  Barracks  
  61  5:27  Barracks  
  62  5:30  Viking  
  62  5:35  Bunker, SCV x2, Viking  
  67  5:38  Marine  
  66  5:47  SCV x2  
  66  5:59  Marine, SCV x2  
  66  6:00  Viking  
  66  6:01  Widow Mine  
  73  6:05  Viking  
  73  6:07  Supply Depot  
  74  6:11  SCV x2  
  74  6:16  Barracks Tech Lab  
  74  6:17  Marine x2  
  78  6:23  SCV x2  
  76  6:34  Viking x2  
  76  6:36  SCV x2  
  74  6:43  Marine  
  74  6:46  Marine  
  74  6:47  Marine  
  74  6:48  SCV x2  
  74  7:00  SCV x2  
  74  7:01  Marine  
  74  7:04  Viking x2  
  74  7:06  Barracks Reactor  
  74  7:07  Stimpack  
  75  7:12  SCV x2  
  75  7:13  Supply Depot  
  75  7:14  Terran Infantry Weapons Level 1  
  77  7:24  SCV x2  
  77  7:26  Barracks Reactor  
  79  7:32  Command Center  
  79  7:36  SCV  
  80  7:37  Refinery x2  
  80  7:40  Marine  
  80  7:42  Barracks Tech Lab  
  78  7:46  SCV  
  78  7:48  SCV  
  78  7:49  Factory Reactor  
  80  7:52  Supply Depot  
  80  7:54  Barracks  
  80  7:56  Barracks  
  80  8:00  Marine x3  
  80  8:02  Combat Shields  
  80  8:04  SCV x2  
  85  8:13  Marine  
  85  8:19  Marauder  
  88  8:21  Medivac x2  
  88  8:22  Supply Depot x2  
  92  8:29  Marine x2  
  92  8:30  Widow Mine x2  
  92  8:31  Marauder  
  100  8:35  SCV x2  
  102  8:42  Barracks Tech Lab  
  102  8:43  Barracks Reactor, Marauder  
  102  8:47  Marine x2, SCV  
  107  8:49  Supply Depot  
  107  8:51  SCV  
  107  8:53  Marauder  
  107  8:54  Medivac  
  112  8:56  Medivac  
  112  8:59  SCV  
  114  9:03  SCV  
  114  9:05  Marauder, Orbital Command  
  114  9:07  Marine x2  
  119  9:11  SCV  
  114  9:20  Marine x3  
  114  9:22  Marauder  
  117  9:25  SCV x2  
  117  9:28  Marauder, Marine x2  
  117  9:31  Widow Mine x2  
  115  9:38  Marine x2  
  110  9:39  Marauder  
  110  9:43  Marauder  
  110  9:44  Medivac x2  
  117  9:46  Marine x2  
  117  9:47  Supply Depot  
  119  9:56  Marine  
  119  9:57  Marauder, Marine  
  119  9:59  Widow Mine  
  123  10:00  Marauder, Widow Mine  
  123  10:01  Supply Depot  
  123  10:03  Marine  
  123  10:04  Marine  
  131  10:10  Supply Depot  
  139  10:25  Refinery  
  139  10:26  Refinery  
Tags
 
Add a new tag
Caveats
  • Supply blocks, unpowered buildings, or Contaminate may cause inaccurate times.
  • Supply counts are checked every 10 seconds.